Map: Ice and Chrome LE

Players

AGOElazer (Elazer) - Winner!

  • Race: Zerg Zerg
  • League: Master
  • Spawn Location: 7:00

SortOf

  • Race: Zerg Zerg
  • League: Master
  • Spawn Location: 1:00

Event: War Chest Team League

VOD

Have the link to the VOD?

Description

Time

  • Played on: July 24, 2020, 12:40 p.m.
  • Length: 12:38
Show
View Real Time Build Order
Export as new Build Order

AGOElazer Zerg - Winner!

Build Orders: Hatch First, Roach Hydra 

Get SALT Encoding   

  12  0:00  Drone  
  13  0:12  Overlord  
  13  0:17  Drone  
  14  0:30  Drone x2  
  16  0:48  Hatchery  
  15  0:50  Drone  
  15  0:54  Drone  
  17  0:57  Drone  
  18  1:08  Extractor  
  17  1:13  Spawning Pool  
  17  1:15  Drone  
  17  1:19  Drone  
  18  1:28  Drone  
  19  1:39  Drone  
  20  1:50  Drone  
  21  1:59  Queen  
  21  2:00  Queen, Overlord, Drone  
  26  2:08  Metabolic Boost  
  26  2:11  Drone x2  
  28  2:22  Drone x2  
  30  2:32  Hatchery  
  30  2:35  Zergling x2  
  30  2:36  Zergling x2  
  31  2:44  Overlord, Drone  
  32  2:54  Drone x2  
  34  3:06  Zergling x4  
  34  3:08  Zergling x2  
  34  3:09  Zergling x10  
  42  3:14  Queen  
  42  3:18  Overlord  
  44  3:28  Roach Warren  
  44  3:31  Overlord, Drone  
  44  3:39  Drone x3  
  47  3:47  Zergling x6  
  49  3:51  Zergling x8  
  49  3:56  Overlord  
  49  3:59  Drone x2  
  51  4:09  Roach x3  
  57  4:22  Roach x3  
  58  4:28  Roach  
  58  4:29  Roach x2  
  58  4:30  Overlord  
  64  4:35  Drone x6  
  64  4:37  Extractor  
  69  4:43  Roach  
  71  4:49  Overlord, Evolution Chamber  
  71  4:52  Roach  
  72  4:54  Overlord  
  72  4:57  Roach  
  74  5:02  Drone x3  
  74  5:03  Drone x2  
  79  5:16  Roach x2  
  79  5:20  Drone x5  
  88  5:23  Extractor  
  88  5:24  Overlord  
  87  5:35  Roach x3  
  93  5:41  Drone x6  
  97  5:49  Lair  
  97  5:50  Drone x3  
  97  5:53  Drone x2  
  97  5:56  Overlord  
  102  5:57  Drone  
  102  5:59  Drone x2  
  102  6:03  Zerg Missile Weapons Level 1  
  105  6:07  Overlord  
  105  6:09  Extractor x2  
  103  6:15  Overlord  
  102  6:21  Drone x4  
  102  6:22  Drone x2  
  108  6:30  Roach x6  
  120  6:33  Overlord  
  120  6:35  Pneumatized Carapace  
  119  6:43  Drone  
  119  6:44  Extractor, Drone x3  
  119  6:46  Overseer  
  122  6:48  Glial Reconstitution  
  122  6:49  Overlord  
  122  6:52  Overlord x2  
  122  6:55  Drone  
  122  6:57  Evolution Chamber  
  122  7:02  Roach x5  
  122  7:06  Hatchery  
  131  7:11  Overlord  
  131  7:16  Roach x9  
  149  7:23  Zerg Ground Armor Level 1  
  149  7:28  Overlord  
  149  7:32  Overlord  
  149  7:34  Drone  
  150  7:41  Drone  
  150  7:42  Hydralisk Den  
  150  7:44  Roach x5  
  160  8:00  Zerg Missile Weapons Level 2  
  158  8:09  Drone x4  
  158  8:10  Drone  
  162  8:14  Roach x6, Grooved Spines  
  174  8:23  Overlord  
  174  8:24  Hydralisk x3  
  180  8:29  Extractor  
  180  8:32  Spore Crawler  
  180  8:33  Drone, Spore Crawler  
  178  8:34  Hydralisk x3, Spore Crawler  
  178  8:40  Spore Crawler  
  182  8:43  Roach x8  
  182  8:46  Ravager x2  
  200  8:57  Infestation Pit  
  195  9:06  Overseer  
  191  9:22  Overlord x3  
  189  9:27  Muscular Augments  
  189  9:36  Hive  
  189  9:37  Zerg Ground Armor Level 2  
  189  9:41  Hydralisk x5  
  197  9:49  Roach x3  
  197  9:50  Overlord x2  
  199  10:02  Spine Crawler  
  198  10:08  Hydralisk  
  198  10:18  Roach x3  
  188  10:28  Roach x2  
  188  10:29  Roach x4  
  198  10:40  Roach x3  
  194  10:47  Roach x9  
  197  10:54  Roach x6  
  197  10:58  Roach x3  
  189  11:04  Hydralisk  
  189  11:05  Hydralisk x7  
  189  11:11  Hydralisk x8  
  193  11:21  Hydralisk x3  
  191  11:34  Hydralisk x5  
  191  11:57  Roach x6  
  197  12:12  Lurker Den  
Show
View Real Time Build Order
Export as new Build Order

SortOf Zerg 

Build Orders: Hatch First 

Get SALT Encoding   

  12  0:00  Drone  
  13  0:13  Overlord  
  13  0:17  Drone  
  14  0:31  Drone x2  
  16  0:48  Hatchery  
  15  0:51  Drone  
  15  0:55  Drone  
  17  0:58  Drone  
  18  1:09  Extractor  
  17  1:13  Spawning Pool  
  17  1:16  Drone  
  17  1:20  Drone  
  18  1:28  Drone  
  19  1:39  Drone  
  20  1:50  Drone  
  21  2:00  Queen x2  
  25  2:01  Overlord  
  25  2:02  Zergling x2  
  26  2:08  Metabolic Boost  
  26  2:11  Drone  
  26  2:13  Drone  
  28  2:22  Drone x2  
  30  2:32  Hatchery  
  29  2:37  Zergling x2  
  29  2:40  Drone  
  31  2:45  Baneling Nest  
  31  2:46  Drone  
  31  2:53  Overlord  
  31  2:58  Drone x2  
  33  3:02  Queen  
  35  3:07  Zergling x2  
  37  3:12  Zergling x2  
  37  3:13  Zergling x4  
  37  3:15  Drone  
  39  3:20  Zergling x6  
  39  3:25  Overlord  
  42  3:29  Baneling x2  
  42  3:32  Baneling x2  
  42  3:34  Zergling x2, Evolution Chamber  
  41  3:37  Zergling x2  
  43  3:43  Drone  
  44  3:49  Zergling x4  
  42  3:56  Zergling x2  
  42  4:00  Baneling x2  
  42  4:01  Zergling x6  
  46  4:04  Drone x2  
  48  4:11  Overlord  
  48  4:12  Zergling x4  
  50  4:21  Zergling x10  
  50  4:25  Drone  
  50  4:29  Lair  
  51  4:31  Drone x2  
  53  4:41  Drone x3  
  56  4:46  Drone x3  
  56  4:51  Overlord  
  56  4:52  Drone x3  
  62  4:58  Zerg Missile Weapons Level 1  
  62  5:01  Overlord  
  61  5:07  Roach Warren  
  61  5:08  Overlord  
  61  5:12  Overlord  
  61  5:13  Drone x2  
  62  5:16  Extractor  
  62  5:18  Drone x3  
  62  5:19  Extractor  
  63  5:22  Overlord  
  63  5:24  Zergling x2, Drone  
  63  5:27  Overlord  
  65  5:29  Drone  
  65  5:31  Drone  
  65  5:32  Baneling  
  65  5:34  Drone x2  
  69  5:39  Drone x2  
  69  5:42  Drone  
  72  5:44  Drone x2  
  72  5:45  Overseer  
  72  5:47  Drone x2  
  76  5:52  Glial Reconstitution  
  76  5:54  Roach x2  
  76  5:55  Drone  
  76  5:56  Drone  
  82  5:59  Drone x2  
  82  6:01  Roach  
  82  6:02  Roach  
  88  6:07  Roach x2  
  88  6:08  Extractor x2  
  88  6:09  Roach  
  92  6:12  Extractor  
  92  6:15  Drone  
  92  6:18  Overlord  
  91  6:20  Drone x3  
  91  6:23  Drone  
  91  6:24  Drone  
  96  6:31  Overlord  
  96  6:33  Roach x3  
  96  6:34  Roach  
  103  6:44  Spire  
  103  6:46  Overlord  
  102  6:47  Drone x3  
  102  6:51  Overlord  
  102  6:53  Roach  
  107  6:55  Overlord  
  107  6:57  Hatchery  
  107  6:59  Zerg Missile Weapons Level 2  
  106  7:03  Roach x2  
  109  7:13  Roach x6  
  116  7:18  Roach x2  
  120  7:23  Overlord  
  120  7:25  Roach x2  
  124  7:31  Roach x4  
  124  7:32  Overlord  
  124  7:36  Ravager x3  
  134  7:38  Roach x2  
  134  7:43  Roach x3  
  144  7:49  Roach x3  
  149  7:55  Overlord  
  149  7:56  Roach x3  
  154  7:58  Mutalisk  
  154  8:00  Overlord  
  154  8:03  Roach  
  154  8:04  Roach  
  159  8:09  Mutalisk  
  159  8:14  Roach x4  
  159  8:16  Overlord  
  159  8:19  Roach  
  169  8:22  Roach x2  
  169  8:26  Roach x2  
  177  8:32  Roach x4  
  183  8:37  Mutalisk  
  183  8:38  Mutalisk  
  187  8:42  Roach x2  
  189  8:51  Roach x5  
  189  8:54  Overlord, Ravager  
  200  9:02  Overseer  
  198  9:15  Roach x3  
  198  9:21  Roach x3  
  196  9:28  Ravager x3  
  197  9:35  Roach x3  
  197  9:38  Overlord  
  195  9:49  Overlord  
  195  9:50  Roach x3  
  199  9:55  Overlord  
  199  10:00  Extractor  
  198  10:07  Overlord  
  198  10:11  Roach  
  194  10:22  Mutalisk x3  
  194  10:27  Mutalisk x6  
  200  10:33  Mutalisk  
  195  10:37  Spine Crawler  
  195  10:38  Spine Crawler  
  170  10:44  Mutalisk x2  
  170  10:46  Zergling x30  
  170  10:49  Hatchery  
  180  10:53  Mutalisk  
  180  10:56  Drone  
  162  11:00  Mutalisk  
  156  11:06  Mutalisk  
  156  11:09  Roach  
  141  11:18  Mutalisk  
  143  11:27  Mutalisk  
  143  11:30  Roach  
  143  11:32  Hatchery  
  137  11:37  Roach x3  
  135  11:41  Roach x2  
  139  11:49  Roach x3  
  123  11:59  Mutalisk  
  109  12:04  Zergling x10  
  109  12:05  Zergling x4  
  109  12:08  Mutalisk  
Tags
 
Add a new tag
Caveats
  • Supply blocks, unpowered buildings, or Contaminate may cause inaccurate times.
  • Supply counts are checked every 10 seconds.